General information
- name: BNet
- type: Ladder team game (AT/RT)
- host: Battle.net
- saver: ManWithNoBats
map: MarketSquare
- players: 8
- length: 27:23
- speed: Fast
- version: 1.27 W3XP
- replay type:

» download(252 KB)
Players
team 1 (loser)
hallodu (
red | 80 APM | 1767 actions | 22:09)
3 Blademaster
1 Wind Walk
2 Critical Strike
3 Shadow Hunter
1 Hex
2 Healing Wave
» actions
| Assign group hotkey | 17 | |
| Basic commands | 53 | |
| Build / train | 87 | |
| ESC pressed | 6 | |
| Enter build submenu | 25 | |
| Enter hero's abilities submenu | 7 | |
| Give item / drop item | 1 | |
| Right click | 789 | |
| Select / deselect | 370 | |
| Select group hotkey | 188 | |
| Use ability | 224 | |
1767 total
» units
| Peon | 16 | |
| Raider | 10 | |
| Spirit Walker | 1 | |
| Kodo Beast | 1 | |
| Troll Witch Doctor | 1 | |
29 total
» upgrades
| Melee Weapons | 2 | |
| Ensnare | 1 | |
| Pillage | 1 | |
| Spirit Walker Training | 1 | |
| Shaman Training | 1 | |
| War Drums Damage Increase | 1 | |
| Reinforced Defenses | 1 | |
8 total
» buildings
| Altar of Storms | 1 | |
| Orc Burrow | 7 | |
| Voodoo Lounge | 1 | |
| Stronghold | 1 | |
| War Mill | 1 | |
| Beastiary | 2 | |
| Spirit Lodge | 1 | |
| Fortress | 3 | |
| Watch Tower | 9 | |
26 total
» build order
00:07 Altar of Storms
00:14 Orc Burrow
01:03 Voodoo Lounge
02:12 Stronghold
02:30 Orc Burrow
03:14 Orc Burrow
03:27 Orc Burrow
03:51 War Mill
04:38 Beastiary
04:40 Beastiary
07:43 Spirit Lodge
10:00 Fortress
10:00 Fortress
10:01 Fortress
11:12 Orc Burrow
11:13 Orc Burrow
11:13 Orc Burrow
20:13 Watch Tower
20:14 Watch Tower
20:15 Watch Tower
20:18 Watch Tower
20:18 Watch Tower
20:26 Watch Tower
20:29 Watch Tower
20:34 Watch Tower
20:42 Watch Tower
» items
| Healing Salve | 5 | |
| Lesser Clarity Potion | 8 | |
| Circlet of Nobility | 1 | |
| Scroll of Town Portal | 8 | |
| Scroll of Speed | 1 | |
| Orb of Lightning | 1 | |
| Potion of Healing | 1 | |
25 total
mercuriouss (
purple | 49 APM | 1240 actions | 25:22)
3 Blademaster
2 Wind Walk
1 Critical Strike
» actions
| Assign group hotkey | 4 | |
| Build / train | 42 | |
| Enter build submenu | 16 | |
| Enter hero's abilities submenu | 3 | |
| Remove unit from queue | 1 | |
| Right click | 548 | |
| Select / deselect | 541 | |
| Select group hotkey | 39 | |
| Use ability | 46 | |
1240 total
» units
» upgrades
| Melee Weapons | 1 | |
| Armor | 1 | |
| Pillage | 1 | |
3 total
» buildings
| Orc Burrow | 5 | |
| Altar of Storms | 1 | |
| Barracks | 1 | |
| War Mill | 1 | |
| Stronghold | 4 | |
| Watch Tower | 3 | |
| Voodoo Lounge | 1 | |
| Beastiary | 2 | |
| Fortress | 2 | |
20 total
» build order
00:16 Orc Burrow
00:24 Altar of Storms
00:41 Barracks
01:24 Orc Burrow
03:02 War Mill
03:43 Stronghold
03:43 Stronghold
03:44 Stronghold
04:03 Orc Burrow
04:45 Watch Tower
04:47 Watch Tower
05:02 Voodoo Lounge
06:18 Beastiary
06:27 Beastiary
06:53 Orc Burrow
06:55 Orc Burrow
07:53 Fortress
10:59 Watch Tower
» items
| Potion of Healing | 3 | |
| Potion of Mana | 1 | |
| Scroll of Town Portal | 1 | |
| Lesser Clarity Potion | 4 | |
| Orb of Lightning | 1 | |
10 total
Dutchwizzard (
blue | 58 APM | 1466 actions | 25:15)
5 Keeper of the Grove
3 Entangling Roots
2 Thorns Aura
4 Priestess of the Moon
2 Scout
2 Trueshot Aura
» actions
| Assign group hotkey | 22 | |
| Build / train | 73 | |
| Enter build submenu | 19 | |
| Enter hero's abilities submenu | 9 | |
| Remove unit from queue | 1 | |
| Right click | 802 | |
| Select / deselect | 285 | |
| Select group hotkey | 153 | |
| Use ability | 102 | |
1466 total
» units
| Wisp | 19 | |
| Archer | 19 | |
| Hippogryph | 7 | |
45 total
» upgrades
| Strength of the Moon | 2 | |
| Moon Armor | 2 | |
| Ultravision | 1 | |
| Improved Bows | 1 | |
| Hippogryph Taming | 1 | |
| Druid of the Talon Training | 1 | |
| Marksmanship | 1 | |
9 total
» buildings
| Altar of Elders | 2 | |
| Moon Well | 9 | |
| Ancient of War | 2 | |
| Tree of Ages | 1 | |
| Hunter's Hall | 1 | |
| Ancient of Wonders | 1 | |
| Ancient of Wind | 2 | |
| Tree of Eternity | 1 | |
| Tree of Life | 1 | |
20 total
» build order
00:35 Altar of Elders
00:41 Moon Well
00:54 Ancient of War
01:16 Moon Well
02:11 Moon Well
03:22 Tree of Ages
03:56 Hunter's Hall
04:39 Moon Well
05:18 Ancient of Wonders
06:56 Ancient of Wind
08:12 Ancient of Wind
08:19 Tree of Eternity
12:29 Ancient of War
14:03 Moon Well
14:04 Moon Well
15:51 Altar of Elders
15:53 Moon Well
15:55 Moon Well
21:49 Tree of Life
» items
| Healing Salve | 1 | |
| Scroll of Town Portal | 2 | |
| Potion of Healing | 1 | |
| Scroll of Speed | 1 | |
5 total
ScorpionSUBZERO (
pink | 139 APM | 3811 actions | 27:22)
6 Blademaster
3 Wind Walk
2 Critical Strike
1 Bladestorm
5 Shadow Hunter
3 Hex
2 Healing Wave
5 Tauren Chieftain
2 Endurance Aura
3 War Stomp
» actions
| Assign group hotkey | 120 | |
| Basic commands | 127 | |
| Build / train | 174 | |
| ESC pressed | 15 | |
| Enter build submenu | 32 | |
| Enter hero's abilities submenu | 20 | |
| Give item / drop item | 11 | |
| Right click | 1645 | |
| Select / deselect | 636 | |
| Select group hotkey | 743 | |
| Use ability | 288 | |
3811 total
» units
| Peon | 41 | |
| Raider | 20 | |
| Wind Rider | 6 | |
| Wisp | 4 | |
71 total
» upgrades
| Reinforced Defenses | 1 | |
| Ensnare | 2 | |
| Ranged Weapons | 1 | |
| Armor | 1 | |
| Envenomed Spears | 1 | |
6 total
» buildings
| Altar of Storms | 1 | |
| Orc Burrow | 4 | |
| War Mill | 1 | |
| Stronghold | 4 | |
| Voodoo Lounge | 2 | |
| Fortress | 4 | |
| Watch Tower | 15 | |
| Beastiary | 4 | |
| Great Hall | 1 | |
| Tree of Life | 1 | |
| Moon Well | 1 | |
38 total
» build order
00:06 Altar of Storms
00:08 Orc Burrow
00:51 War Mill
02:07 Stronghold
02:07 Stronghold
02:07 Stronghold
03:47 Orc Burrow
03:54 Voodoo Lounge
04:28 Fortress
04:28 Fortress
04:28 Fortress
05:39 Voodoo Lounge
08:42 Watch Tower
08:45 Beastiary
08:48 Orc Burrow
08:50 Orc Burrow
08:56 Watch Tower
11:16 Beastiary
11:18 Beastiary
11:21 Beastiary
12:24 Watch Tower
12:28 Watch Tower
13:32 Watch Tower
13:53 Watch Tower
14:30 Watch Tower
14:35 Watch Tower
14:42 Watch Tower
16:08 Watch Tower
16:08 Watch Tower
17:11 Great Hall
18:05 Watch Tower
19:21 Watch Tower
19:22 Watch Tower
20:34 Watch Tower
26:48 Tree of Life
26:49 Moon Well
» items
| Circlet of Nobility | 20 | |
| Boots of Speed | 8 | |
| Tiny Great Hall | 7 | |
| Scroll of Healing | 7 | |
| Scroll of Protection | 2 | |
| Orb of Venom | 4 | |
| Anti-magic Potion | 3 | |
| Potion of Healing | 1 | |
| Lesser Clarity Potion | 5 | |
| Healing Salve | 1 | |
| Potion of Mana | 1 | |
59 total
team 2 (winner)
warcraholic (
yellow | 84 APM | 2308 actions | 27:22)
8 Dark Ranger
3 Black Arrow
3 Silence
1 Charm
1 Life Drain
5 Mountain King
3 Storm Bolt
2 Bash
» actions
| Assign group hotkey | 76 | |
| Build / train | 90 | |
| Enter build submenu | 22 | |
| Enter hero's abilities submenu | 13 | |
| Give item / drop item | 8 | |
| Right click | 884 | |
| Select / deselect | 440 | |
| Select group hotkey | 674 | |
| Use ability | 101 | |
2308 total
» units
| Peasant | 11 | |
| Rifleman | 12 | |
| Mortar Team | 12 | |
35 total
» upgrades
| Gunpowder | 2 | |
| Armor | 2 | |
| Long Rifles | 1 | |
| Fragmentation Shards | 1 | |
| Flare | 1 | |
7 total
» buildings
| Blacksmith | 1 | |
| Barracks | 1 | |
| Altar of Kings | 1 | |
| Farm | 13 | |
| Scout Tower | 4 | |
| Keep | 1 | |
| Arcane Vault | 1 | |
| Arcane Tower | 1 | |
| Lumber Mill | 1 | |
| Guard Tower | 2 | |
| Castle | 1 | |
| Workshop | 3 | |
30 total
» build order
00:10 Blacksmith
00:20 Barracks
01:05 Altar of Kings
01:35 Farm
01:37 Farm
01:40 Farm
02:14 Farm
02:20 Scout Tower
03:40 Keep
03:47 Farm
04:11 Arcane Vault
04:41 Arcane Tower
04:48 Lumber Mill
05:17 Farm
05:32 Scout Tower
05:33 Scout Tower
05:34 Scout Tower
06:12 Guard Tower
06:14 Farm
07:01 Guard Tower
07:27 Farm
11:01 Castle
12:55 Workshop
12:57 Workshop
12:59 Workshop
13:01 Farm
13:01 Farm
13:02 Farm
13:02 Farm
» items
| Scroll of Regeneration | 4 | |
| Mechanical Critter | 1 | |
| Dust of Appearance | 4 | |
| Scroll of Healing | 4 | |
| Potion of Lesser Invulnerability | 2 | |
| Lesser Clarity Potion | 1 | |
| Potion of Healing | 2 | |
| Scroll of Town Portal | 6 | |
| Staff of Sanctuary | 1 | |
25 total

»
Toryus (
orange | 34 APM | 930 actions | 27:22)
8 Demon Hunter
3 Mana Burn
3 Evasion
1 Metamorphosis
1 Immolation
» actions
| Assign group hotkey | 20 | |
| Build / train | 72 | |
| Enter build submenu | 20 | |
| Enter hero's abilities submenu | 8 | |
| Right click | 392 | |
| Select / deselect | 273 | |
| Select group hotkey | 94 | |
| Use ability | 50 | |
930 total
» units
| Wisp | 25 | |
| Archer | 13 | |
| Chimaera | 7 | |
| Hippogryph | 4 | |
49 total
» upgrades
| Improved Bows | 1 | |
| Nature's Blessing | 1 | |
| Strength of the Moon | 3 | |
| Marksmanship | 1 | |
| Strength of the Wild | 2 | |
| Corrosive Breath | 1 | |
| Reinforced Hides | 1 | |
10 total
» buildings
| Altar of Elders | 1 | |
| Moon Well | 6 | |
| Ancient of War | 1 | |
| Tree of Ages | 1 | |
| Hunter's Hall | 1 | |
| Ancient Protector | 4 | |
| Ancient of Wonders | 1 | |
| Tree of Life | 1 | |
| Ancient of Wind | 3 | |
| Tree of Eternity | 1 | |
| Chimaera Roost | 2 | |
22 total
» build order
00:13 Altar of Elders
00:22 Moon Well
00:37 Ancient of War
01:15 Moon Well
02:11 Moon Well
04:14 Tree of Ages
04:46 Hunter's Hall
04:52 Moon Well
05:59 Ancient Protector
06:02 Ancient Protector
06:20 Ancient Protector
06:24 Ancient Protector
06:47 Ancient of Wonders
07:52 Tree of Life
08:37 Moon Well
08:55 Ancient of Wind
09:47 Tree of Eternity
12:49 Chimaera Roost
12:53 Chimaera Roost
17:12 Ancient of Wind
17:17 Ancient of Wind
21:06 Moon Well
» items
| Potion of Lesser Invulnerability | 1 | |
| Scroll of Town Portal | 1 | |
2 total

»
Captain.Carry (
green | 122 APM | 3352 actions | 27:22)
8 Demon Hunter
3 Mana Burn
3 Evasion
1 Metamorphosis
1 Immolation
» actions
| Assign group hotkey | 30 | |
| Basic commands | 45 | |
| Build / train | 104 | |
| ESC pressed | 4 | |
| Enter build submenu | 29 | |
| Enter hero's abilities submenu | 8 | |
| Give item / drop item | 1 | |
| Right click | 1765 | |
| Select / deselect | 539 | |
| Select group hotkey | 709 | |
| Use ability | 118 | |
3352 total
» units
| Wisp | 24 | |
| Archer | 30 | |
| Hippogryph | 9 | |
63 total
» upgrades
| Strength of the Moon | 3 | |
| Hippogryph Taming | 1 | |
| Improved Bows | 1 | |
| Moon Armor | 3 | |
| Marksmanship | 1 | |
9 total
» buildings
| Altar of Elders | 1 | |
| Moon Well | 7 | |
| Ancient of War | 2 | |
| Tree of Ages | 4 | |
| Hunter's Hall | 1 | |
| Ancient of Wind | 3 | |
| Ancient of Wonders | 2 | |
| Tree of Life | 2 | |
| Ancient Protector | 1 | |
| Tree of Eternity | 3 | |
26 total
» build order
00:08 Altar of Elders
00:13 Moon Well
00:46 Ancient of War
01:20 Moon Well
03:21 Tree of Ages
03:21 Tree of Ages
04:07 Moon Well
04:55 Hunter's Hall
06:19 Ancient of Wind
06:20 Ancient of Wind
06:22 Ancient of War
06:30 Ancient of Wind
06:45 Ancient of Wonders
06:47 Ancient of Wonders
07:06 Tree of Life
08:51 Moon Well
08:53 Ancient Protector
11:52 Tree of Eternity
11:52 Tree of Eternity
14:07 Moon Well
18:28 Moon Well
18:28 Moon Well
21:04 Tree of Life
» items
| Staff of Preservation | 1 | |
| Scroll of Town Portal | 3 | |
| Scroll of Speed | 2 | |
| Potion of Healing | 2 | |
| Orb of Venom | 1 | |
9 total
ManWithNoBats (
teal | 93 APM | 2550 actions | 27:23)
6 Blademaster
2 Wind Walk
3 Critical Strike
1 Bladestorm
» actions
| Assign group hotkey | 74 | |
| Basic commands | 78 | |
| Build / train | 79 | |
| ESC pressed | 1 | |
| Enter build submenu | 21 | |
| Enter hero's abilities submenu | 6 | |
| Remove unit from queue | 2 | |
| Right click | 1271 | |
| Select / deselect | 424 | |
| Select group hotkey | 425 | |
| Use ability | 169 | |
2550 total
» units
| Peon | 15 | |
| Grunt | 7 | |
| Troll Batrider | 4 | |
| Raider | 10 | |
| Demolisher | 1 | |
37 total
» upgrades
| Berserker Strength | 1 | |
| Ranged Weapons | 1 | |
| Ensnare | 1 | |
| Pillage | 1 | |
| Armor | 1 | |
| Melee Weapons | 1 | |
| Troll Regeneration | 1 | |
7 total
» buildings
| Altar of Storms | 1 | |
| Orc Burrow | 4 | |
| Barracks | 1 | |
| Voodoo Lounge | 1 | |
| Stronghold | 2 | |
| War Mill | 1 | |
| Watch Tower | 6 | |
| Beastiary | 2 | |
| Fortress | 4 | |
| Great Hall | 1 | |
23 total
» build order
00:07 Altar of Storms
00:10 Orc Burrow
00:30 Barracks
01:30 Voodoo Lounge
02:05 Orc Burrow
03:05 Stronghold
03:05 Stronghold
03:27 War Mill
04:10 Orc Burrow
04:55 Watch Tower
05:41 Beastiary
05:42 Beastiary
06:07 Watch Tower
08:23 Orc Burrow
09:43 Fortress
09:43 Fortress
18:57 Great Hall
19:27 Watch Tower
19:28 Watch Tower
19:32 Watch Tower
» items
| Healing Salve | 3 | |
| Lesser Clarity Potion | 3 | |
| Scroll of Speed | 2 | |
| Orb of Lightning | 1 | |
| Boots of Speed | 1 | |
| Scroll of Town Portal | 1 | |
| Staff of Teleportation | 1 | |
| Potion of Lesser Invulnerability | 1 | |
13 total
Chat log
(00:17 / Allies) Toryus: hi
(00:20 / Allies) Captain.Carry: hello
(00:21 / Allies) warcraholic: hi
(00:22 / Allies) Captain.Carry: they love to tech
(00:28 / Allies) warcraholic: thats good
(01:24 / All) warcraholic: hi
(01:32 / Allies) Toryus: units ?
(01:32 / All) ScorpionSUBZERO: .
(01:51 / All) warcraholic: im warcraholic since 13 years
(01:55 / All) ScorpionSUBZERO: me2
(01:56 / Allies) Captain.Carry: if he drops
(01:56 / All) hallodu: or 3g net
(01:57 / All) ScorpionSUBZERO: spa,iming
(01:59 / All) ScorpionSUBZERO: dont help u lag ppl more
(02:05 / All) hallodu: i'm 3g :(
(02:30 / All) ScorpionSUBZERO: manwithnoboobs
(03:17 / Allies) warcraholic: ft?
(03:19 / Allies) warcraholic: mass all pls
(03:31 / Allies) warcraholic: help pls
(04:15 / Allies) Captain.Carry: let them tech to bats?
(04:19 / Allies) warcraholic: ye
(04:49 / Allies) warcraholic: do some towers
(05:24 / Allies) Captain.Carry: he has some bats already
(05:35 / Allies) warcraholic: towers!
(07:09 / All) ScorpionSUBZERO: laggy
(07:24 / All) hallodu: MY IPHONE LAGS
(07:36 / Allies) warcraholic: i go attk solo
(07:43 / Allies) Captain.Carry: they checking for expos
(07:45 / All) ScorpionSUBZERO: in goldmine down right
(07:46 / All) ScorpionSUBZERO: no more
(09:26 / All) warcraholic: this micro...
(09:46 / Allies) warcraholic: rego me
(09:47 / Allies) warcraholic: solo
(10:08 / Allies) warcraholic: gold pls
(10:31 / Allies) warcraholic: tp
(11:06 / Allies) warcraholic: attk
(11:07 / Allies) warcraholic: the base
(11:10 / Allies) warcraholic: go in
(11:12 / Allies) warcraholic: fast
(13:09 / Allies) warcraholic: gj
(13:15 / Allies) Captain.Carry: u2
(13:48 / Allies) warcraholic: lol
(14:39 / Allies) warcraholic: xD
(14:50 / Allies) Captain.Carry: hehe ty
(14:52 / Allies) warcraholic: np
(14:53 / Allies) warcraholic: xD
(16:42 / All) mercuriouss: pink noobb
(16:59 / All) ScorpionSUBZERO: GAmeover
(16:59 / Allies) Captain.Carry: b
(18:09 / All) warcraholic: yep
(18:10 / All) warcraholic: go
(18:13 / All) warcraholic: game ova
(20:16 / All) warcraholic: ?
(20:24 / All) warcraholic: leave pls
(20:27 / All) ScorpionSUBZERO: fk u
(20:30 / All) ScorpionSUBZERO: ill just go afk
(20:30 / All) ScorpionSUBZERO: n eat
(20:32 / All) ScorpionSUBZERO: n exercise instead now
(20:34 / All) ManWithNoBats: EAT A DICK
(20:37 / All) ScorpionSUBZERO: thought of playing another game but
(20:38 / All) warcraholic: XD
(20:39 / All) ScorpionSUBZERO: u motivated me to do smth else
(20:46 / All) warcraholic: eat a dick
(21:41 / All) mercuriouss: noob pink
(21:46 / Allies) Captain.Carry: alar
(22:18 / All) Captain.Carry: so many buildings
(22:20 / All) warcraholic: we were pros
(22:29 / All) Dutchwizzard: you suck to
(22:31 / All) warcraholic: u were good too
(22:33 / All) Dutchwizzard: you had luck
(22:35 / All) warcraholic: butt we were better
(22:37 / All) ScorpionSUBZERO: teal was bad
(22:43 / All) warcraholic: noone was bad
(22:49 / All) Dutchwizzard: shut up moron
(22:53 / All) ScorpionSUBZERO: he didnt buycirclet
(22:53 / All) Dutchwizzard: yellow pay attention
(22:54 / All) ScorpionSUBZERO: on the way to harrasing me
(22:58 / All) ScorpionSUBZERO: didnt kill the worker 1%
(23:00 / All) Dutchwizzard: teal is a fucking retard
(23:02 / All) mercuriouss: pink dont know what team is
(23:07 / All) mercuriouss: he solo noob
(23:09 / All) Captain.Carry: ill get some glaives
(23:26 / All) ScorpionSUBZERO: u have hipos
(23:30 / All) ScorpionSUBZERO: blue had 7 and did nothing with them
(23:53 / All) warcraholic: leave pls
(23:58 / All) ScorpionSUBZERO: no
(23:59 / All) warcraholic: u cannot win
(24:00 / All) mercuriouss: no pink u didnt help team at all
(24:03 / All) ScorpionSUBZERO: io can
(24:05 / All) ScorpionSUBZERO: u can get dc'd
(24:07 / All) ScorpionSUBZERO: or black hole devour planet earth
(24:20 / All) warcraholic: gg guys
(24:23 / All) warcraholic: we are winners
(24:31 / All) Captain.Carry: bm is a horrible pick in 4s btw
(24:33 / All) mercuriouss: he noob
(24:38 / All) ScorpionSUBZERO: bm is best pick in 4v4
(24:40 / All) ScorpionSUBZERO: if teams know how to play
(24:44 / All) Captain.Carry: hmm
(24:48 / All) ScorpionSUBZERO: if u have 4 bms
(24:50 / All) ScorpionSUBZERO: u cant lose a game
(24:51 / All) ScorpionSUBZERO: then u do 4 shs
(24:53 / All) ScorpionSUBZERO: and 4 tcs
(24:55 / All) ScorpionSUBZERO: perma hex n stun
(24:57 / All) ManWithNoBats: remove yourself from game idiot
(24:58 / All) ScorpionSUBZERO: bm has and always will be the best
(25:03 / All) mercuriouss: blue is right u suck pink
(25:05 / All) ScorpionSUBZERO: the matrix has us
(25:06 / All) warcraholic: thats a bad tactic man
(25:08 / All) ScorpionSUBZERO: idc what blue says
(25:11 / All) ScorpionSUBZERO: his opinion is irrelevant
(25:11 / All) Captain.Carry: top 5 in 1v1, 2v2, 3v3, 4v4 in tournys since ft
(25:13 / All) warcraholic: u know what an aura is?
(25:14 / All) ScorpionSUBZERO: what u can do in this game is limited
(25:18 / All) ScorpionSUBZERO: and i've already reached perfection
(25:20 / All) mercuriouss: gay pink noob
(25:24 / All) ScorpionSUBZERO: i have endurance aura
(25:29 / All) ScorpionSUBZERO: u know what hero focus is?
(25:29 / All) Captain.Carry: and u will never see a bm in top competition above 2v2....
(25:31 / All) ManWithNoBats: but you couldn't endure our ownage
(25:32 / All) ScorpionSUBZERO: heroes are most important thing in the whole game
(25:40 / All) warcraholic: heros have aura
(25:41 / All) ScorpionSUBZERO: tournaments dont really mean anything
(25:41 / All) warcraholic: checkmate
(25:42 / All) ScorpionSUBZERO: just a bunch of ppl
(25:43 / All) Captain.Carry: dust, stun, instant death for bm
(25:44 / All) ScorpionSUBZERO: who were either lucky
(25:46 / All) ScorpionSUBZERO: or played lots of games
(25:47 / All) ScorpionSUBZERO: to ge tthere
(25:48 / All) ScorpionSUBZERO: :)
(25:51 / All) ScorpionSUBZERO: i can easily win tournaments
(25:53 / All) ScorpionSUBZERO: if i was to play vs some guy like tha
(25:56 / All) ScorpionSUBZERO: they are noobs
(25:57 / All) Captain.Carry: bm is squishiest hero aside from warden.
(25:58 / All) ScorpionSUBZERO: they dont even pick tomes
(25:59 / All) ScorpionSUBZERO: in 1v1
(26:01 / All) ScorpionSUBZERO: mass tanks like idiots
(26:02 / All) ScorpionSUBZERO: and bears
(26:04 / All) ScorpionSUBZERO: mountain giant is way better
(26:07 / All) ScorpionSUBZERO: archmages leaving tomes
(26:08 / All) ScorpionSUBZERO: on the ground
(26:10 / All) ScorpionSUBZERO: 164+wpm
(26:11 / All) ScorpionSUBZERO: 2015+
(26:12 / All) ScorpionSUBZERO: and
(26:14 / All) ScorpionSUBZERO: 144correct0wrong
(26:14 / All) ScorpionSUBZERO: 2011
(26:19 / All) ScorpionSUBZERO: i have trained enough
(26:21 / All) ScorpionSUBZERO: i have 9k+ bnet games
(26:22 / All) ScorpionSUBZERO: 13+years wc3
(26:24 / All) ScorpionSUBZERO: main acc Stanimir
(26:25 / All) ScorpionSUBZERO: 2500 ud wins
(26:27 / All) ScorpionSUBZERO: and acc deleted in 2008
(26:28 / All) ScorpionSUBZERO: Due to inactivity
(26:29 / All) ManWithNoBats: and you still can't win 4v4 rt
(26:30 / All) ScorpionSUBZERO: When it had 7k games
(26:30 / All) ScorpionSUBZERO: now have 3k
(26:31 / All) ManWithNoBats: embarrassing
(26:32 / All) ScorpionSUBZERO: mso =
(26:33 / All) ScorpionSUBZERO: 10k+ bnet games
(26:36 / All) ScorpionSUBZERO: have 15+ cg games
(26:40 / All) ScorpionSUBZERO: Cudnt play much 1v1 tho im very good in 1v1 just as i am in 4v4
(26:42 / All) ScorpionSUBZERO: i can win
(26:43 / All) ScorpionSUBZERO: If my
(26:47 / All) Captain.Carry: i never see u in tournies..
(26:53 / All) ScorpionSUBZERO: coz
(26:54 / All) ScorpionSUBZERO: I had school
(26:56 / All) ScorpionSUBZERO: 2012 i finished school
(26:59 / All) ScorpionSUBZERO: + tournaments
(27:00 / All) ScorpionSUBZERO: dont mean anything
(27:03 / All) ScorpionSUBZERO: u should live for the moment n ahave fun
(27:04 / All) ScorpionSUBZERO: + i ran 74km
(27:06 / All) ScorpionSUBZERO: 11 hour
(27:08 / All) ScorpionSUBZERO: 20 march 2016
(27:10 / All) ScorpionSUBZERO: 55km 6 h
(27:10 / All) ScorpionSUBZERO: 2015
(27:11 / All) ScorpionSUBZERO: 4000 situpos
(27:12 / All) ScorpionSUBZERO: 4 hours
(27:13 / All) ScorpionSUBZERO: november2011
(27:15 / All) ScorpionSUBZERO: 2010 many ppl stop
(27:15 / All) ScorpionSUBZERO: coz
(27:17 / All) Captain.Carry: heres an idea
(27:17 / All) ScorpionSUBZERO: u cant find games
(27:18 / All) ScorpionSUBZERO: if u have many wins
(27:20 / All) ScorpionSUBZERO: my new accs have
(27:21 / All) ScorpionSUBZERO: 15+ wins